2733 views
Uploaded 2021-09-08 14:59:40
Game version 1.32.10
8:17 long 3on3 ladder game on (6)GnollWood
Saved by KingThrawn
2733 views
Uploaded 2021-09-08 14:59:40
Game version 1.32.10
8:17 long 3on3 ladder game on (6)GnollWood


48 units @ 7.8k
/ 0.8k
27 buildings @ 3.7k
/ 1.1k


| Rod of Necromancy | 2 | 300 |
| total: | 2 | 300g |
| Acolyte | 2 | 150 | / | 0 |
| Ghoul | 2 | 240 | / | 0 |
| Crypt Fiend | 10 | 2150 | / | 400 |
| total: | 14 | 2540g | / | 400w |
| Graveyard | 1 | 215 | / | 0 |
| Crypt | 1 | 200 | / | 50 |
| Altar of Darkness | 1 | 180 | / | 50 |
| Ziggurat | 4 | 600 | / | 200 |
| Tomb of Relics | 1 | 130 | / | 30 |
| Slaughterhouse | 1 | 140 | / | 135 |
| Halls of the Dead | 1 | 320 | / | 210 |
| Black Citadel | 2 | 650 | / | 460 |
| total: | 9 | 1465g | / | 465w |
| 0:01 | Acolyte |
| 0:01 | Acolyte |
| 0:10 | Graveyard |
| 0:16 | Crypt |
| 0:41 | Altar of Darkness |
| 0:55 | Ziggurat |
| 1:10 | Tomb of Relics |
| 1:21 | Ghoul |
| 1:46 | Crypt Fiend |
| 1:59 | Ziggurat |
| 2:20 | Crypt Fiend |
| 2:20 | Crypt Fiend |
| 2:20 | Crypt Fiend |
| 2:20 | Crypt Fiend |
| 2:20 | Crypt Fiend |
| 2:44 | Rod of Necromancy |
| 2:56 | Crypt Fiend |
| 2:57 | Death Coil |
| 3:34 | Halls of the Dead |
| 3:41 | Ghoul |
| 3:59 | Ziggurat |
| 4:12 | Unholy Aura |
| 4:28 | Crypt Fiend |
| 4:44 | Creature Attack |
| 5:21 | Crypt Fiend |
| 5:38 | Ziggurat |
| 6:04 | Burrow |
| 6:05 | Black Citadel |
| 6:32 | Death Coil |
| 6:40 | Black Citadel |
| 7:13 | Rod of Necromancy |
| 7:14 | Frost Nova |
| 7:17 | Slaughterhouse |
| 7:52 | Crypt Fiend |
| Select group | 375 |
| Right click | 355 |
| Select | 112 |
| Misc. action | 69 |
| Build/train/purchase | 35 |
| Assign group | 23 |
| Use ability | 7 |
| Minimap ping | 2 |
| Item give/drop | 1 |
| Esc | 1 |

| Peon | 5 | 375 | / | 0 |
| Grunt | 8 | 1600 | / | 0 |
| total: | 13 | 1975g | / | 0w |
| Watch Tower | 2 | 220 | / | 160 |
| Altar of Storms | 1 | 180 | / | 50 |
| Orc Burrow | 2 | 320 | / | 80 |
| Barracks | 1 | 180 | / | 50 |
| Voodoo Lounge | 1 | 130 | / | 30 |
| War Mill | 1 | 205 | / | 0 |
| Stronghold | 1 | 315 | / | 190 |
| total: | 8 | 1235g | / | 370w |
| 0:02 | Peon |
| 0:03 | Peon |
| 0:07 | Altar of Storms |
| 0:12 | Orc Burrow |
| 0:26 | Barracks |
| 0:38 | Peon |
| 0:56 | Peon |
| 1:27 | Grunt |
| 1:36 | Grunt |
| 1:42 | Peon |
| 1:59 | Orc Burrow |
| 2:13 | Feral Spirit |
| 2:52 | Voodoo Lounge |
| 3:01 | War Mill |
| 3:06 | Grunt |
| 3:19 | Grunt |
| 4:13 | Chain Lighting |
| 4:27 | Watch Tower |
| 5:45 | Grunt |
| 5:47 | Stronghold |
| 5:57 | Grunt |
| 5:58 | Grunt |
| 6:08 | Watch Tower |
| 6:10 | Steel Melee Weapons |
| 6:12 | Steel Armor |
| 6:35 | Grunt |
| Select group | 97 |
| Select | 64 |
| Right click | 61 |
| Build/train/purchase | 23 |
| Assign group | 16 |
| Misc. action | 5 |
| Use ability | 5 |


| Boots of Speed | 1 | 250 |
| total: | 1 | 250g |
| Peasant | 8 | 600 | / | 0 |
| Rifleman | 13 | 2665 | / | 390 |
| total: | 21 | 3265g | / | 390w |
| Altar of Kings | 1 | 180 | / | 50 |
| Blacksmith | 1 | 140 | / | 60 |
| Barracks | 1 | 160 | / | 60 |
| Farm | 7 | 560 | / | 140 |
| Keep | 1 | 320 | / | 210 |
| total: | 10 | 1040g | / | 310w |
| 0:05 | Peasant |
| 0:05 | Peasant |
| 0:11 | Peasant |
| 0:33 | Peasant |
| 0:51 | Altar of Kings |
| 0:58 | Blacksmith |
| 1:01 | Barracks |
| 1:04 | Peasant |
| 1:06 | Farm |
| 1:11 | Peasant |
| 1:22 | Farm |
| 1:24 | Peasant |
| 1:35 | Peasant |
| 2:11 | Rifleman |
| 2:11 | Rifleman |
| 2:13 | Farm |
| 2:24 | Rifleman |
| 2:51 | Rifleman |
| 2:58 | Holy Light |
| 3:18 | Keep |
| 3:24 | Farm |
| 3:39 | Rifleman |
| 3:39 | Rifleman |
| 4:01 | Devotion Aura |
| 4:02 | Rifleman |
| 4:06 | Farm |
| 4:40 | Rifleman |
| 4:44 | Farm |
| 5:07 | Holy Light |
| 5:11 | Rifleman |
| 5:24 | Rifleman |
| 5:25 | Farm |
| 5:57 | Long Rifles |
| 6:20 | Rifleman |
| 6:28 | Black Gunpowder |
| 6:39 | Boots of Speed |
| 6:47 | Siphon Mana |
| 7:05 | Rifleman |
| 7:28 | Rifleman |
| 7:39 | Devotion Aura |
| 7:51 | Refined Gunpowder |
| Select group | 708 |
| Right click | 411 |
| Select | 141 |
| Misc. action | 38 |
| Build/train/purchase | 35 |
| Assign group | 27 |
| Use ability | 17 |
| Minimap ping | 3 |
| Remove unit | 1 |
53 units @ 6.1k
/ 0.6k
28 buildings @ 4.6k
/ 1.6k


| Potion of Healing | 2 | 300 |
| total: | 2 | 300g |
| Wisp | 11 | 660 | / | 0 |
| Archer | 4 | 520 | / | 40 |
| Dryad | 1 | 145 | / | 60 |
| total: | 16 | 1325g | / | 100w |
| Ancient Protector | 1 | 135 | / | 80 |
| Altar of Elders | 1 | 180 | / | 50 |
| Moon Well | 4 | 720 | / | 160 |
| Ancient of War | 1 | 150 | / | 60 |
| Hunter's Hall | 1 | 210 | / | 100 |
| Ancient of Wonders | 1 | 90 | / | 30 |
| Ancient of Lore | 2 | 310 | / | 290 |
| Tree of Ages | 1 | 320 | / | 180 |
| total: | 11 | 1795g | / | 770w |
| 0:02 | Wisp |
| 0:02 | Wisp |
| 0:06 | Altar of Elders |
| 0:10 | Moon Well |
| 0:24 | Ancient of War |
| 0:30 | Wisp |
| 0:50 | Wisp |
| 1:10 | Wisp |
| 1:12 | Wisp |
| 1:28 | Archer |
| 1:37 | Moon Well |
| 1:39 | Wisp |
| 1:51 | Wisp |
| 1:52 | Archer |
| 2:12 | Force of Nature |
| 2:28 | Wisp |
| 2:49 | Archer |
| 3:03 | Tree of Ages |
| 3:07 | Moon Well |
| 3:41 | Hunter's Hall |
| 3:45 | Ancient of Wonders |
| 4:08 | Thorns Aura |
| 4:19 | Archer |
| 5:33 | Ancient of Lore |
| 5:37 | Ancient of Lore |
| 5:50 | Strength of the Wild |
| 5:51 | Reinforced Hides |
| 5:54 | Wisp |
| 5:58 | Wisp |
| 6:03 | Potion of Healing |
| 6:11 | Potion of Healing |
| 6:48 | Ancient Protector |
| 6:57 | Trueshot Aura |
| 6:59 | Dryad |
| 7:01 | Abolish Magic |
| 7:06 | Moon Well |
| Right click | 172 |
| Select | 109 |
| Assign group | 82 |
| Select group | 39 |
| Build/train/purchase | 28 |
| Misc. action | 12 |
| Use ability | 11 |
| Minimap ping | 1 |


| Rod of Necromancy | 1 | 150 |
| total: | 1 | 150g |
| Acolyte | 2 | 150 | / | 0 |
| Ghoul | 3 | 360 | / | 0 |
| Crypt Fiend | 8 | 1720 | / | 320 |
| total: | 13 | 2230g | / | 320w |
| Altar of Darkness | 2 | 360 | / | 100 |
| Ziggurat | 4 | 600 | / | 200 |
| Crypt | 1 | 200 | / | 50 |
| Graveyard | 1 | 215 | / | 0 |
| Tomb of Relics | 1 | 130 | / | 30 |
| Halls of the Dead | 1 | 320 | / | 210 |
| total: | 9 | 1505g | / | 380w |
| 0:03 | Acolyte |
| 0:03 | Acolyte |
| 0:19 | Altar of Darkness |
| 0:21 | Altar of Darkness |
| 0:31 | Ziggurat |
| 0:34 | Crypt |
| 1:04 | Graveyard |
| 1:09 | Tomb of Relics |
| 1:34 | Ghoul |
| 1:37 | Ziggurat |
| 1:49 | Ghoul |
| 2:00 | Ghoul |
| 2:18 | Rod of Necromancy |
| 2:42 | Crypt Fiend |
| 3:08 | Death Coil |
| 3:10 | Crypt Fiend |
| 3:32 | Crypt Fiend |
| 3:34 | Ziggurat |
| 3:50 | Unholy Aura |
| 4:05 | Halls of the Dead |
| 4:24 | Crypt Fiend |
| 4:46 | Crypt Fiend |
| 5:29 | Crypt Fiend |
| 5:40 | Creature Attack |
| 5:42 | Ziggurat |
| 6:00 | Crypt Fiend |
| 6:22 | Death Coil |
| 6:50 | Web |
| 7:53 | Crypt Fiend |
| 8:01 | Frost Nova |
| Right click | 323 |
| Select | 100 |
| Select group | 69 |
| Misc. action | 62 |
| Build/train/purchase | 28 |
| Assign group | 17 |
| Use ability | 6 |

| Periapt of Vitality | 1 | 325 |
| total: | 1 | 325g |
| Wisp | 11 | 660 | / | 0 |
| Archer | 11 | 1430 | / | 110 |
| Forest Troll Berserker | 1 | 245 | / | 30 |
| Forest Troll Shadow Priest | 1 | 195 | / | 10 |
| total: | 24 | 2530g | / | 150w |
| Altar of Elders | 1 | 180 | / | 50 |
| Moon Well | 3 | 540 | / | 120 |
| Ancient of War | 1 | 150 | / | 60 |
| Hunter's Hall | 1 | 210 | / | 100 |
| Ancient of Wonders | 1 | 90 | / | 30 |
| Ancient of Wind | 1 | 150 | / | 140 |
| Tree of Ages | 1 | 320 | / | 180 |
| Tree of Eternity | 1 | 330 | / | 200 |
| total: | 8 | 1320g | / | 500w |
| 0:03 | Wisp |
| 0:03 | Wisp |
| 0:11 | Altar of Elders |
| 0:15 | Moon Well |
| 0:23 | Wisp |
| 0:33 | Ancient of War |
| 0:46 | Wisp |
| 0:57 | Wisp |
| 1:24 | Wisp |
| 1:27 | Moon Well |
| 1:39 | Archer |
| 1:52 | Archer |
| 2:01 | Wisp |
| 2:11 | Archer |
| 2:18 | Evasion |
| 2:27 | Archer |
| 2:30 | Wisp |
| 2:49 | Wisp |
| 2:51 | Archer |
| 3:03 | Archer |
| 3:36 | Tree of Ages |
| 4:05 | Mana Burn |
| 4:21 | Moon Well |
| 4:23 | Hunter's Hall |
| 4:26 | Ancient of Wonders |
| 5:30 | Archer |
| 5:37 | Periapt of Vitality |
| 5:54 | Archer |
| 6:03 | Wisp |
| 6:03 | Wisp |
| 6:14 | Improved Bows |
| 6:23 | Ancient of Wind |
| 6:33 | Forest Troll Berserker |
| 6:33 | Forest Troll Shadow Priest |
| 7:11 | Archer |
| 7:13 | Tree of Eternity |
| 7:34 | Archer |
| 8:02 | Archer |
| Right click | 138 |
| Select group | 124 |
| Select | 103 |
| Misc. action | 58 |
| Build/train/purchase | 31 |
| Assign group | 18 |
| Use ability | 7 |
| Minimap ping | 1 |
โ